 Dungeon Crawl Stone Soup version 0.30-a0-1103-g25895a7845 (webtiles) character file.

Game seed: 6756734566491192122

15 IdlyInterested the Trooper (level 2, -1/24 HPs)
             Began as a Demonspawn Fighter on Apr 18, 2023.
             Slain by a goblin
             ... wielding a +6 dagger of venom
              (3 damage)
             ... on level 1 of the Dungeon.
             The game lasted 00:01:22 (219 turns).

IdlyInterested the Trooper (Demonspawn Fighter)      Turns: 219, Time: 00:01:23

Health: -1/24      AC: 10    Str: 16    XL:     2   Next: 34%
Magic:  2/2        EV: 10    Int:  9    God:
Gold:   5          SH:  4    Dex: 12    Spells: 1/1 levels left

rFire   . . .      SeeInvis .    a - +0 flail
rCold   . . .      Faith    .    c - +0 buckler
rNeg    . . .      Spirit   .    g - quicksilver dragon scales
rPois   .          Reflect  .    (no helmet)
rElec   .          Rampage  .    (no cloak)
rCorr   .                        (no gloves)
Will    +....                    (no boots)
Stlth   +                        (no amulet)
HPRegen 0.24/turn                (no ring)
MPRegen 0.08/turn                (no ring)

@: mighty, lethally poisoned (-1 -> -5)
A: sturdy frame 1
a: no special abilities


You were on level 1 of the Dungeon.
You visited 1 branch of the dungeon, and saw 1 of its levels.

You collected 5 gold pieces.

Inventory:

Hand Weapons
 a - a +0 flail (weapon)
 j - a +0 short sword
Missiles
 i - 6 stones (quivered)
Armour
 b - a +0 scale mail
 c - a +0 buckler (worn)
 g - quicksilver dragon scales (worn)
Scrolls
 e - a scroll of acquirement {unknown}
 h - a scroll of amnesia {unknown}
Potions
 f - a potion of heal wounds {unknown}


   Skills:
 * Level 3.5 Fighting
 - Level 1.7 Maces & Flails
 + Level 2.9 Armour
 - Level 2.6 Shields


You had one spell level left.
You didn't know any spells.
Your spell library was empty.

Dungeon Overview and Level Annotations

Branches:
Dungeon (1/15)

Altars:


Innate Abilities, Weirdness & Mutations

Your movements are slightly less encumbered by armour. (ER -2)


Message History

The endoplasm quivers.
You block the endoplasm's attack.
You sock the endoplasm!
You kill the endoplasm!
A goblin comes into view. It is wielding a +6 dagger of venom.
The goblin shouts!
A frilled lizard comes into view.
A kobold comes into view. It is wielding a +0 short sword.
A quokka comes into view.
The frilled lizard hisses angrily.
The kobold shouts!
The goblin closely misses you.
You barely miss the goblin.
The quokka bites you but does no damage.
You block the goblin's attack. The quokka bites you.
The goblin hits you with a +6 dagger of venom.
You are poisoned.
Unknown command.
You barely miss the goblin.
You feel very sick. The quokka barely misses you.
The goblin hits you with a +6 dagger of venom.
You are more poisoned.
The quokka bites you.
Unknown command.
You barely miss the goblin.
* * * LOW HITPOINT WARNING * * *
You feel very sick. The goblin closely misses you.
The quokka bites you but does no damage.
Unknown command.
You feel very mighty all of a sudden.
* * * LOW HITPOINT WARNING * * *
You feel sick.
The quokka bites you but does no damage.
The goblin hits you but does no damage. The quokka misses you.
You barely miss the goblin.
* * * LOW HITPOINT WARNING * * *
You feel sick. You block the goblin's attack. The quokka barely misses you.
The goblin hits you with a +6 dagger of venom.
You die...

#.#.#.....#..#...........#
#.#.##...##.###..........#
#.#..#...#..# #..........#
#.#..##.##.## ##.........#
#.#...#.#.. .#..########
#.#...###.# ..##.#
#.##...#..# ....#.#
#......#..#l....#.#
###......@gK......#
###.....r..######
##########


You could see a quokka, a goblin, a kobold and a frilled lizard.

Vanquished Creatures
  A ball python (D:1)
  A bat (D:1)
  2 endoplasms (D:1)
  A giant cockroach (D:1)
  A goblin (D:1)
  A hobgoblin (D:1)
  3 jackals (D:1)
  A frilled lizard (D:1)
  A kobold (D:1)
12 creatures vanquished.

Notes
Turn   | Place    | Note
-------+----------+-------------------------------------------
     0 | D:1      | IdlyInterested the Demonspawn Fighter began the quest for
                  | the Orb.
     0 | D:1      | Reached XP level 1. HP: 18/18 MP: 1/1
   143 | D:1      | Gained mutation: Your movements are slightly less
                  | encumbered by armour. (ER -2) [demonic ancestry]
   143 | D:1      | Reached XP level 2. HP: 24/24 MP: 2/2
   219 | D:1      | Slain by a goblin

Illustrated notes

Levels and vault maps discovered:
D:1:      lemuel_arrival_broad_hall, layout_rooms, minmay_unequal

Action                     || total
---------------------------++-------
  Melee: Flail             ||    40
    Use: Potion            ||     1
 Armour: Quicksilver drago ||    22
         Scale mail        ||     4
  Dodge: Dodged            ||    21
  Block: Buckler           ||    12

Table legend: (Time is in decaauts)
 A = Elapsed time spent in this place.
 B = Non-inter-level travel time spent in this place.
 C = Inter-level travel time spent in this place.
 D = Time resting spent in this place.
 E = Time spent auto-exploring this place.
 F = Levels seen in this place.
 G = Mean time per level.
                   A        B        C        D        E       F      G
               +--------+--------+--------+--------+--------+-----+--------+
         Total |    232 |    232 |      0 |      0 |     98 |   1 |  232.0 |
       Dungeon |    232 |    232 |      0 |      0 |     98 |   1 |  232.0 |
               +--------+--------+--------+--------+--------+-----+--------+

Top non-repeatable levels by time:
     D:1: 232 daAuts
